cohdb
Replays
Latest Replays
All Replays
Popular Replays
Top Player Replays
Match Explorer
How It Works
Community
CoH3 Stats
Reddit
Sign in to upload your games and track your stats! →
Sign in with Steam
Match 28307932
Unlisted
Match 28307932
Overview
Messages
Build Orders
End
Selects Airborne Battlegroup
Selects Smoke Bombing Run
Selects Heavy Machine Gun Paradrop
Heavy Machine Gun Paradrop
Construct Barracks
Riflemen Squad
Heavy Machine Gun Paradrop
Riflemen Squad
Heavy Machine Gun Paradrop
Heavy Machine Gun Paradrop
Mechanized Support Center
Riflemen Squad
Riflemen Squad
Selects Supply Drop
Riflemen Squad
Construct Tank Depot
M18 Hellcat Tank Destroyer
M18 Hellcat Tank Destroyer
DocMayou
dinamix.fr
seb
撒旦代言人
Joraad
ixsmith101
Praetorian
DayzMeRolling
0
0
Comments
sign in to comment!
No comments posted yet!